 Dungeon Crawl Stone Soup version 0.31.0-7-gf635a9b802 (webtiles) character file.

Game seed: 440115544651228503

512 petercordia the Caller (level 7, 0/55 HPs)
             Began as a Barachi Summoner on Jan 23, 2024.
             Slain by a gnoll sergeant
             ... wielding a +4 trident of venom
              (13 damage)
             ... on level 4 of the Dungeon.
             The game lasted 00:11:42 (3350 turns).

petercordia the Caller (Barachi Summoner)           Turns: 3350, Time: 00:11:43

Health: 0/55       AC:  2    Str:  9    XL:     7   Next: 19%
Magic:  8/11       EV: 13    Int: 18    God:
Gold:   109        SH:  0    Dex: 12    Spells: 2/12 levels left

rFire   . . .        e - +3 sling
rCold   . . .        (no shield)
rNeg    . . .        a - +0 robe
rPois   .            (no helmet)
rElec   .            l - scarf {+Inv}
rCorr   .            (no gloves)
SInv    .            (no boots)
Will    +....        n - amulet of magic regeneration
Stlth   ++           h - ring of willpower
HPRegen 0.29/turn    (no ring)
MPRegen 0.52/turn

%: no passive effects
@: unable to hop, inugami summoned, slow
A: amphibious, slowness 1, strong legs 1, +LOS
a: Hop, Evoke Invisibility


You were on level 4 of the Dungeon.
You visited 1 branch of the dungeon, and saw 4 of its levels.

You collected 261 gold pieces.
You spent 152 gold pieces at shops.

Inventory:

Hand Weapons
 e - a +3 sling (weapon)
Missiles
 m - 6 curare-tipped darts
 o - 2 javelins
Armour
 a - a +0 robe (worn)
 l - a scarf of invisibility (worn)
Jewellery
 h - a ring of willpower (left hand)
 n - an amulet of magic regeneration (around neck)
Scrolls
 d - 2 scrolls of identify {unknown}
 f - 2 scrolls of enchant armour {unknown}
 g - 2 scrolls of fear {unknown}
 p - 2 scrolls of poison {unknown}
Potions
 b - a potion of magic
 i - a potion of enlightenment {unknown}
 j - a potion of attraction {unknown}
 k - a potion of lignification {unknown}
 q - a potion of heal wounds {unknown}
 r - a potion of resistance {unknown}


   Skills:
 * Level 4.6 Fighting
 + Level 3.6 Dodging
 + Level 3.1 Stealth
 + Level 3.2 Spellcasting
 * Level 6.4 Summonings
 * Level 1.8 Air Magic


You had 2 spell levels left.
You knew the following spells:

 Your Spells              Type           Power      Damage    Failure   Level
a - Summon Small Mammal   Summ           100%       N/A       1%          1
b - Call Imp              Summ           52%        N/A       1%          2
c - Call Canine Familiar  Summ           26%        N/A       3%          3
d - Summon Lightning Spi  Summ/Air       17%        N/A       28%         4

Your spell library contained the following spells:

 Spells                   Type           Power      Damage    Failure   Level
 Magic Dart               Conj           8%         1d3       16%         1
 Blink                    Tloc           4%         N/A       24%         2
 Summon Blazeheart Golem  Fire/Summ      14%        N/A       38%         4
 Fugue of the Fallen      Necr           2%         N/A       43%         3
 Ozocubu's Armour         Ice            2%         N/A       43%         3
 Manifold Assault         Tloc           2%         N/A       85%         4


Dungeon Overview and Level Annotations

Branches:
Dungeon (4/15)
 Temple: D:4-7

Altars:
Dithmenos
Kikubaaqudgha
Xom

Shops:
D:4 *(:

Annotations:
D:4 2 transporters, vbillard's ghost, amateur DECj


Innate Abilities, Weirdness & Mutations

You are amphibious.
You cover ground slowly.
You can hop short distances.
You have an extended range of vision and can be seen from far away.


Message History

Your cerulean imp hits the gnoll sergeant but does no damage.
Your familiar recovers from its injuries.
The gnoll sergeant attacks as it pursues you!
The gnoll sergeant hits you from afar with a +4 trident of venom!
You are poisoned.
You feel very sick.
The gnoll sergeant attacks as it pursues you!
The gnoll sergeant hits you from afar with a +4 trident of venom.
You feel very sick.
Your cerulean imp disappears in a puff of smoke!
The gnoll sergeant attacks as it pursues you!
The gnoll sergeant barely misses you.
You feel sick.
The gnoll sergeant attacks as it pursues you!
The gnoll sergeant barely misses you.
Casting: Summon Small Mammal (safe; 1% risk of failure)
Confirm with . or Enter, or press ? or * to list all spells.
A tiny devil pulls itself out of the air.
Your cerulean imp says, "Let's cause destruction!"
You feel sick.
The gnoll sergeant hits you from afar with a +4 trident of venom!
* * * LOW HITPOINT WARNING * * *
Hop to where?
Press: ? - help, Dir - move target, p - gnoll sergeant Boing!
You feel sick. The gnoll sergeant closely misses you.
Your cerulean imp hits the gnoll sergeant but does no damage.
Unknown command.
Casting: Call Imp (safe; 1% risk of failure)
Confirm with . or Enter, or press ? or * to list all spells.
You call for your canine familiar and it appears with a howl!
You feel sick.
The gnoll sergeant hits you with a +4 trident of venom!
* * * LOW HITPOINT WARNING * * *
You are lethally poisoned!
Your cerulean imp hits the gnoll sergeant from afar with a -2 spear.
Unknown command.
Unknown command.
You feel better.
The gnoll sergeant hits you with a +4 trident of venom!
You die...

### ###
######○#
##.###..@gh5#
##).......####
###).#....###
##)).##....##
#..####.....#
#..)##
#..##.##
#.)#..
######.##
....g..# #..##
.?.....#
##..##


You could see a gnoll sergeant (ally target), a friendly cerulean imp (summoned)
and a friendly inugami (summoned).

Vanquished Creatures
  An orc priest (D:4)
  A hound (D:4)
  A gnoll (D:4)
  A dart slug (D:3)
  3 endoplasms
  A goblin (D:3)
  2 hobgoblins
  A jackal (D:4)
  6 kobolds
  7 quokkas
  4 ball pythons
  2 bats (D:2)
  5 rats
35 creatures vanquished.

Vanquished Creatures (collateral kills)
  Grinder (D:3)
  A scorpion (D:4)
  An iguana (D:4)
  An orc wizard (D:4)
  4 gnolls (D:4)
  2 adders
  4 dart slugs
  A ribbon worm (D:2)
  An orc (D:4)
  4 bats (D:1)
  An endoplasm (D:1)
  A giant cockroach (D:1)
  A goblin (D:1)
  A hobgoblin (D:1)
  A jackal (D:4)
  A quokka (D:1)
  4 ball pythons (D:1)
  2 kobolds
  5 rats (D:1)
37 creatures vanquished.

Grand Total: 72 creatures vanquished

Notes
Turn   | Place    | Note
-------+----------+-------------------------------------------
     0 | D:1      | petercordia the Barachi Summoner began the quest for the
                  | Orb.
     0 | D:1      | Reached XP level 1. HP: 13/13 MP: 3/3
    58 | D:1      | Reached skill level 1 in Fighting
   173 | D:1      | Reached XP level 2. HP: 16/22 MP: 1/5
   562 | D:1      | Learned a level 2 spell: Call Imp
   626 | D:1      | Reached skill level 5 in Summonings
   794 | D:1      | Reached XP level 3. HP: 28/28 MP: 6/6
  1420 | D:2      | Found a shimmering altar of Xom.
  1833 | D:2      | Learned a level 3 spell: Call Canine Familiar
  1996 | D:3      | Found a shadowy altar of Dithmenos.
  2008 | D:3      | Reached XP level 4. HP: 34/34 MP: 4/7
  2105 | D:3      | Noticed Grinder
  2189 | D:3      | Killed Grinder
  2190 | D:3      | Reached skill level 6 in Summonings
  2190 | D:3      | Reached XP level 5. HP: 42/42 MP: 0/9
  2190 | D:3      | Reached XP level 6. HP: 48/48 MP: 0/10
  2195 | D:3      | Learned a level 4 spell: Summon Lightning Spire
  2670 | D:4      | Found a transporter.
  2767 | D:4      | Found an ancient bone altar of Kikubaaqudgha.
  2789 | D:4      | Noticed vbillard's ghost (amateur DECj)
  2790 | D:4      | Found a transporter.
  2807 | D:4      | Found Xomos's Book Boutique.
  2809 | D:4      | Found Feowou's Assorted Antiques.
  2811 | D:4      | Found Disut's Weapon Shoppe.
  2824 | D:4      | Bought a scroll labelled NOAGEC ENUTZ for 32 gold pieces
  2824 | D:4      | Bought a bubbling yellow potion for 28 gold pieces
  2824 | D:4      | Bought a scroll labelled WID DOVVIELEO for 32 gold pieces
  2824 | D:4      | Bought a scroll labelled NOAGEC ENUTZ for 32 gold pieces
  2824 | D:4      | Bought a bubbling red potion for 28 gold pieces
  3116 | D:4      | Reached skill level 1 in Air Magic
  3191 | D:4      | Reached XP level 7. HP: 18/55 MP: 7/11
  3350 | D:4      | Slain by a gnoll sergeant

Illustrated notes

Levels and vault maps discovered:
D:1:      ebering_trefoil_3fold, layout_basic
D:2:      layout_basic, basic_altar, serial_curves, eino_curves_01,
          eino_curves_01, eino_curves_02, eino_curves_02, minmay_pentomino_z2
D:3:      layout_rooms, nicolae_dithmenos_shadow_blocks, uniq_grinder
D:4:      layout_cave_pods, mainiacjoe_overflow_six_doors_small, zin_purify,
          gammafunk_ghost_mausoleum, serial_shops, nicolae_stop_n_shop_2,
          nicolae_wooded_promenade

Skill      XL: |  1  2  3  4  5  6 |
---------------+-------------------+-----
Fighting       | 2 4 |  4.6
Summonings     | 5 6 |  6.4
Stealth        | 2 3 |  3.1
Dodging        | 3 |  3.6
Spellcasting   | 3 |  3.2
Air Magic      | 1 |  1.8

Action                     |  1- 3 |  4- 6 |  7- 9 || total
---------------------------+-------+-------+-------++-------
  Melee: Unarmed           |    49 |       |       ||    49
   Fire: Sling             |    36 |    70 |     8 ||   114
   Cast: Summon Small Mamm |    28 |    10 |     4 ||    42
         Call Imp          |     5 |     8 |     3 ||    16
         Call Canine Famil |     2 |     7 |     4 ||    13
Ability: Hop               |     1 |       |     1 ||     2
    Use: Potion            |       |     1 |     1 ||     2
   Stab: Sleeping          |     1 |       |       ||     1
 Armour: Robe              |    55 |    14 |     5 ||    74
  Dodge: Dodged            |    79 |    18 |     3 ||   100
